[ AOE2 MATCH · #478887731 ]
UnrankedSpanish vs Vietnamese
[ REPLAY ANALYSIS · EXTRACTED FROM THE RECORDED GAME ]
Feudal
9:45
Castle
22:05
Imperial
—
| APM avg | 41.2 |
| APM peak | 104 |
| eAPM avg | 17.3 |
| Villagers / military | 98 / 90 |
Focus
⚔️ 28.9% · 🌾 71.1%
Knight ×48 · Spearman ×23 · Conquistador ×11 · Scout Cavalry ×8
Feudal
9:44
Castle
23:19
Imperial
40:27
| APM avg | 35.7 |
| APM peak | 64 |
| eAPM avg | 18.0 |
| Villagers / military | 128 / 125 |
Focus
⚔️ 25.6% · 🌾 74.4%
Archer ×111 · Militia ×5 · Trebuchet (Packed) ×5 · Mangonel ×4
Feudal
—
Castle
—
Imperial
—
| APM avg | 26.3 |
| APM peak | 61 |
| eAPM avg | 12.2 |
| Villagers / military | 52 / 62 |
Focus
⚔️ 32.9% · 🌾 67.1%
Archer ×17 · Knight ×14 · Longbowman ×12 · Spearman ×6 · Skirmisher ×5 · Mangonel ×4
Feudal
10:36
Castle
24:57
Imperial
—
| APM avg | 60.8 |
| APM peak | 140 |
| eAPM avg | 27.2 |
| Villagers / military | 88 / 67 |
Focus
⚔️ 24.9% · 🌾 75.1%
Knight ×57 · Skirmisher ×4 · Scout Cavalry ×4 · Spearman ×2
Match map
Initial resources + every placement click. Lines = walls · curves = elevation contours. ◆ gold · ⬟ stone · ● berries · ✦ relic · ◌ wall gap
Your base· ✓ Closed at 22:05 · 34t walls · no gate
Facola's base· ✓ Closed at 23:19 · 15t walls · no gate
AABYBRUNO's base· ✓ Closed at 20:20 · 71t walls · 2 gate(s)
Sipdro98's base· Open — 2t gap
Smoothed initial terrain · ◌ = detected wall gap · hover for details
Inputs per minute
— lautygonzalez89 - - Facola
Build order — lautygonzalez89
First 150 of 323 actions detected
| 0:02 | Build | House |
| 0:02 | Create | Villager (Male) |
| 0:02 | Create | Villager (Male) |
| 0:03 | Create | Villager (Male) |
| 0:03 | Create | Villager (Male) |
| 0:03 | Create | Villager (Male) |
| 0:04 | Build | House |
| 1:35 | Create | Villager (Male) |
| 1:54 | Build | Lumber Camp |
| 2:06 | Create | Villager (Male) |
| 2:27 | Create | Villager (Male) |
| 2:50 | Create | Villager (Male) |
| 3:17 | Create | Villager (Male) |
| 3:26 | Build | House |
| 3:40 | Create | Villager (Male) |
| 4:04 | Build | Mill |
| 4:10 | Create | Villager (Male) |
| 4:40 | Create | Villager (Male) |
| 4:41 | Create | Villager (Male) |
| 5:14 | Create | Villager (Male) |
| 5:47 | Create | Villager (Male) |
| 6:06 | Build | House |
| 6:12 | Create | Villager (Male) |
| 6:26 | Build | Lumber Camp |
| 6:31 | Create | Villager (Male) |
| 6:54 | Research | Loom |
| 7:29 | Research | Feudal Age |
| 8:33 | Build | Barracks |
| 8:54 | Build | House |
| 9:03 | Build | House |
| 9:22 | Build | Palisade Wall |
| 9:31 | Build | House |
| 9:45 | Age | Feudal Age |
| 9:51 | Build | Stable |
| 10:03 | Create | Villager (Male) |
| 10:17 | Create | Villager (Male) |
| 10:33 | Research | Double-Bit Axe |
| 10:40 | Build | House |
| 10:45 | Create | Scout Cavalry |
| 10:48 | Create | Villager (Male) |
| 11:00 | Build | Farm |
| 11:03 | Create | Scout Cavalry |
| 11:07 | Build | Palisade Wall |
| 11:11 | Create | Villager (Male) |
| 11:14 | Create | Spearman |
| 11:16 | Create | Scout Cavalry |
| 11:25 | Build | Farm |
| 11:29 | Build | Farm |
| 11:33 | Create | Scout Cavalry |
| 11:34 | Create | Villager (Male) |
| 11:38 | Build | Farm |
| 11:43 | Build | Palisade Wall |
| 11:48 | Create | Spearman |
| 11:56 | Build | Farm |
| 12:00 | Create | Villager (Male) |
| 12:10 | Build | Farm |
| 12:20 | Create | Villager (Male) |
| 12:24 | Build | Farm |
| 12:32 | Build | Farm |
| 12:50 | Create | Villager (Male) |
| 12:59 | Build | Farm |
| 13:11 | Build | House |
| 13:21 | Create | Villager (Male) |
| 13:24 | Build | Farm |
| 13:27 | Build | Farm |
| 13:39 | Build | Blacksmith |
| 13:54 | Create | Villager (Male) |
| 13:55 | Create | Villager (Male) |
| 13:59 | Create | Scout Cavalry |
| 14:57 | Create | Villager (Male) |
| 15:03 | Build | House |
| 15:05 | Create | Villager (Male) |
| 15:08 | Create | Spearman |
| 15:17 | Build | Farm |
| 15:23 | Create | Villager (Male) |
| 15:25 | Build | House |
| 15:33 | Build | Palisade Wall |
| 15:58 | Build | Palisade Wall |
| 16:03 | Create | Villager (Male) |
| 16:05 | Build | Farm |
| 16:05 | Build | Farm |
| 16:06 | Build | Farm |
| 16:06 | Build | Farm |
| 16:19 | Build | Mining Camp |
| 16:23 | Create | Villager (Male) |
| 16:42 | Build | Palisade Wall |
| 16:53 | Build | Market |
| 17:27 | Create | Villager (Male) |
| 18:29 | Create | Villager (Male) |
| 19:25 | Research | Castle Age |
| 19:29 | Build | Farm |
| 19:32 | Build | Farm |
| 19:43 | Research | Forging |
| 19:45 | Build | Farm |
| 19:46 | Research | Horse Collar |
| 19:56 | Research | Gold Mining |
| 20:20 | Research | Scale Barding Armor |
| 20:25 | Build | Farm |
| 20:31 | Build | Farm |
| 20:40 | Build | Lumber Camp |
| 20:54 | Build | Lumber Camp |
| 20:57 | Build | Farm |
| 21:04 | Build | Farm |
| 21:12 | Build | Stable |
| 21:16 | Build | Farm |
| 21:31 | Research | Bloodlines |
| 21:42 | Build | Farm |
| 21:48 | Build | Farm |
| 22:05 | Age | Castle Age |
| 22:09 | Build | Farm |
| 22:13 | Research | Husbandry |
| 22:13 | Create | Knight |
| 22:14 | Create | Knight |
| 22:16 | Build | Town Center |
| 22:27 | Create | Knight |
| 22:28 | Create | Knight |
| 22:29 | Create | Villager (Male) |
| 22:30 | Research | Wheelbarrow |
| 22:40 | Create | Villager (Male) |
| 22:49 | Create | Knight |
| 22:55 | Create | Knight |
| 22:56 | Create | Knight |
| 22:56 | Create | Villager (Male) |
| 22:57 | Create | Villager (Male) |
| 22:57 | Create | Villager (Male) |
| 22:57 | Create | Villager (Male) |
| 22:58 | Create | Villager (Male) |
| 23:01 | Build | Farm |
| 23:04 | Build | Farm |
| 23:07 | Build | Farm |
| 23:12 | Create | Villager (Male) |
| 23:12 | Create | Villager (Male) |
| 23:26 | Build | Farm |
| 24:00 | Create | Villager (Male) |
| 24:00 | Create | Villager (Male) |
| 24:01 | Create | Villager (Male) |
| 24:34 | Create | Scout Cavalry |
| 24:35 | Create | Scout Cavalry |
| 24:35 | Create | Scout Cavalry |
| 25:32 | Create | Knight |
| 25:32 | Create | Knight |
| 25:34 | Create | Knight |
| 25:35 | Create | Knight |
| 25:54 | Build | House |
| 25:55 | Build | House |
| 26:10 | Build | House |
| 26:11 | Build | House |
| 26:18 | Create | Knight |
| 26:19 | Create | Knight |
| 26:48 | Create | Knight |
Build order — Facola
First 150 of 323 actions detected
| 0:02 | Build | House |
| 0:03 | Create | Villager (Male) |
| 0:04 | Build | House |
| 0:24 | Create | Villager (Male) |
| 0:32 | Create | Villager (Male) |
| 0:40 | Create | Villager (Male) |
| 1:27 | Create | Villager (Male) |
| 1:54 | Build | Lumber Camp |
| 2:03 | Create | Villager (Male) |
| 2:16 | Create | Villager (Male) |
| 2:46 | Create | Villager (Male) |
| 3:03 | Create | Villager (Male) |
| 3:35 | Build | House |
| 3:40 | Create | Villager (Male) |
| 3:52 | Build | House |
| 3:57 | Create | Villager (Male) |
| 4:37 | Create | Villager (Male) |
| 4:44 | Create | Villager (Male) |
| 4:48 | Build | Mill |
| 5:16 | Create | Villager (Male) |
| 5:38 | Create | Villager (Male) |
| 6:37 | Create | Villager (Male) |
| 6:51 | Build | Barracks |
| 7:01 | Research | Loom |
| 7:34 | Research | Feudal Age |
| 7:42 | Build | Mining Camp |
| 7:56 | Create | Militia |
| 7:56 | Create | Militia |
| 8:05 | Build | House |
| 8:30 | Build | House |
| 8:36 | Create | Militia |
| 8:37 | Create | Militia |
| 8:48 | Create | Militia |
| 9:44 | Age | Feudal Age |
| 9:53 | Build | Archery Range |
| 10:08 | Build | Mill |
| 10:22 | Research | Man-at-Arms (upgrade) |
| 10:28 | Create | Villager (Male) |
| 10:30 | Create | Villager (Male) |
| 11:09 | Create | Villager (Male) |
| 11:15 | Create | Villager (Male) |
| 11:23 | Create | Archer |
| 11:23 | Create | Archer |
| 12:03 | Create | Villager (Male) |
| 12:22 | Create | Villager (Male) |
| 12:28 | Create | Archer |
| 12:32 | Build | Archery Range |
| 12:37 | Build | Blacksmith |
| 12:41 | Build | House |
| 12:42 | Build | House |
| 12:44 | Build | House |
| 13:01 | Create | Villager (Male) |
| 13:44 | Create | Villager (Male) |
| 14:09 | Create | Archer ×4 |
| 14:11 | Create | Villager (Male) |
| 14:51 | Create | Villager (Male) |
| 15:35 | Create | Villager (Male) |
| 16:05 | Create | Archer |
| 16:05 | Create | Archer |
| 16:05 | Create | Archer |
| 16:05 | Create | Archer |
| 16:19 | Create | Villager (Male) |
| 16:37 | Build | Farm |
| 16:37 | Build | Farm |
| 16:37 | Build | Farm |
| 16:38 | Build | Farm |
| 16:38 | Build | Farm |
| 16:38 | Build | Farm |
| 16:40 | Build | Farm |
| 16:44 | Build | Farm |
| 16:45 | Build | Farm |
| 16:45 | Build | Farm |
| 16:46 | Create | Villager (Male) |
| 16:50 | Build | Farm |
| 16:50 | Build | Farm |
| 16:50 | Build | Farm |
| 17:43 | Create | Villager (Male) |
| 18:18 | Build | Lumber Camp |
| 18:22 | Research | Double-Bit Axe |
| 18:31 | Build | Market |
| 18:34 | Build | Farm |
| 18:34 | Build | Farm |
| 18:43 | Create | Archer |
| 18:43 | Create | Archer |
| 18:44 | Create | Archer |
| 18:53 | Create | Villager (Male) |
| 18:53 | Create | Villager (Male) |
| 19:20 | Create | Archer |
| 19:20 | Create | Archer |
| 19:46 | Build | Farm |
| 19:46 | Build | Farm |
| 19:57 | Create | Archer |
| 19:57 | Create | Archer |
| 20:22 | Build | Farm |
| 20:23 | Build | Farm |
| 20:39 | Research | Castle Age |
| 20:51 | Build | House |
| 20:52 | Build | House |
| 20:54 | Build | House |
| 21:05 | Build | Palisade Wall |
| 21:21 | Create | Archer |
| 21:21 | Create | Archer |
| 21:21 | Create | Archer |
| 21:21 | Create | Archer |
| 22:09 | Build | Palisade Wall |
| 22:25 | Create | Archer |
| 22:25 | Create | Archer |
| 22:30 | Research | Gold Mining |
| 22:41 | Build | House |
| 22:42 | Build | House |
| 22:55 | Create | Archer |
| 22:55 | Create | Archer |
| 23:19 | Age | Castle Age |
| 23:25 | Research | Horse Collar |
| 23:30 | Create | Villager (Male) |
| 23:31 | Create | Villager (Male) |
| 23:44 | Build | Town Center |
| 23:54 | Create | Villager (Male) |
| 23:55 | Create | Villager (Male) |
| 23:56 | Create | Villager (Male) |
| 23:59 | Research | Bow Saw |
| 24:02 | Create | Archer |
| 24:02 | Create | Archer |
| 24:15 | Research | Crossbowman (upgrade) |
| 24:18 | Research | Fletching |
| 24:28 | Research | Heavy Plow |
| 25:18 | Research | Bodkin Arrow |
| 25:21 | Research | Thumb Ring |
| 25:28 | Create | Villager (Male) |
| 25:44 | Create | Villager (Male) |
| 25:45 | Create | Villager (Male) |
| 25:45 | Create | Villager (Male) |
| 25:49 | Build | Farm |
| 25:58 | Build | Farm |
| 25:58 | Build | Farm |
| 25:59 | Create | Villager (Male) |
| 26:03 | Create | Villager (Male) |
| 26:12 | Create | Villager (Male) |
| 26:23 | Create | Archer ×2 |
| 26:31 | Build | Farm |
| 26:32 | Build | Farm |
| 26:33 | Build | Farm |
| 26:34 | Build | Farm |
| 26:38 | Build | Farm |
| 26:41 | Create | Villager (Male) |
| 26:41 | Create | Villager (Male) |
| 27:09 | Create | Villager (Male) |
| 27:42 | Create | Villager (Male) |
| 27:48 | Create | Villager (Male) |
| 27:48 | Create | Villager (Male) |
Build order — AABYBRUNO
First 150 of 204 actions detected
| 0:02 | Build | House |
| 0:04 | Create | Villager (Male) |
| 0:04 | Create | Villager (Male) |
| 0:04 | Create | Villager (Male) |
| 0:05 | Create | Villager (Male) |
| 0:05 | Create | Villager (Male) |
| 0:13 | Build | House |
| 0:30 | Research | Loom |
| 1:24 | Create | Villager (Male) |
| 1:55 | Build | Lumber Camp |
| 1:56 | Create | Villager (Male) |
| 2:24 | Create | Villager (Male) |
| 2:56 | Create | Villager (Male) |
| 2:56 | Create | Villager (Male) |
| 3:41 | Create | Villager (Male) |
| 3:41 | Create | Villager (Male) |
| 3:50 | Build | House |
| 3:52 | Build | House |
| 4:28 | Create | Villager (Male) |
| 4:41 | Build | Mill |
| 5:23 | Create | Villager (Male) |
| 5:24 | Create | Villager (Male) |
| 5:24 | Create | Villager (Male) |
| 5:36 | Build | Palisade Wall |
| 5:41 | Build | Palisade Wall |
| 5:45 | Build | Palisade Wall |
| 5:50 | Build | Palisade Wall |
| 5:51 | Build | Palisade Wall |
| 6:04 | Build | Palisade Wall |
| 6:10 | Create | Villager (Male) |
| 6:16 | Create | Villager (Male) |
| 6:37 | Create | Villager (Male) |
| 7:07 | Create | Villager (Male) |
| 7:08 | Create | Villager (Male) |
| 7:18 | Build | Palisade Wall |
| 7:26 | Build | Palisade Wall |
| 7:39 | Create | Villager (Male) |
| 7:40 | Create | Villager (Male) |
| 7:40 | Create | Villager (Male) |
| 7:40 | Create | Villager (Male) |
| 7:41 | Create | Villager (Male) |
| 8:26 | Create | Villager (Male) |
| 8:31 | Create | Villager (Male) |
| 8:32 | Create | Villager (Male) |
| 9:13 | Build | House |
| 9:14 | Build | House |
| 9:36 | Build | Barracks |
| 9:48 | Build | Mining Camp |
| 9:53 | Research | Feudal Age |
| 10:14 | Build | Farm |
| 10:33 | Build | Palisade Gate |
| 10:53 | Build | Palisade Gate |
| 11:09 | Build | Palisade Wall |
| 12:06 | Build | Farm |
| 12:09 | Build | Farm |
| 12:22 | Build | Archery Range |
| 12:41 | Create | Spearman |
| 12:52 | Build | Lumber Camp |
| 13:21 | Create | Archer |
| 13:22 | Create | Archer |
| 13:22 | Create | Archer |
| 13:34 | Build | Farm |
| 14:12 | Build | Market |
| 14:28 | Create | Archer |
| 14:28 | Create | Archer |
| 14:44 | Create | Spearman |
| 15:23 | Create | Villager (Male) |
| 15:41 | Build | Lumber Camp |
| 15:55 | Create | Skirmisher |
| 15:56 | Create | Skirmisher |
| 15:56 | Create | Skirmisher |
| 16:29 | Create | Skirmisher |
| 16:29 | Create | Skirmisher |
| 16:45 | Build | Farm |
| 17:00 | Build | Stone Wall |
| 17:02 | Build | Stone Wall |
| 17:10 | Build | Farm |
| 17:10 | Build | Farm |
| 17:36 | Build | Farm |
| 18:05 | Create | Villager (Male) |
| 18:05 | Create | Villager (Male) |
| 18:06 | Create | Villager (Male) |
| 18:23 | Create | Archer |
| 18:24 | Create | Archer |
| 19:11 | Build | House |
| 19:13 | Build | House |
| 19:17 | Build | House |
| 19:24 | Build | House |
| 19:24 | Build | House |
| 19:27 | Build | House |
| 20:20 | Research | Castle Age |
| 20:53 | Build | Stable |
| 21:01 | Research | Horse Collar |
| 22:02 | Research | Double-Bit Axe |
| 22:27 | Build | Mining Camp |
| 23:00 | Research | Gold Mining |
| 23:05 | Build | Monastery |
| 24:11 | Create | Monk |
| 24:26 | Create | Knight |
| 24:26 | Create | Knight |
| 24:53 | Build | Blacksmith |
| 25:29 | Build | Siege Workshop |
| 25:35 | Create | Knight |
| 25:37 | Research | Husbandry |
| 25:37 | Create | Knight |
| 26:15 | Research | Crossbowman (upgrade) |
| 26:15 | Create | Archer |
| 26:16 | Create | Archer |
| 26:29 | Build | Town Center |
| 26:32 | Create | Villager (Male) |
| 26:38 | Build | Farm |
| 27:02 | Build | Lumber Camp |
| 27:08 | Create | Knight |
| 27:38 | Build | Farm |
| 27:58 | Research | Scale Barding Armor |
| 28:09 | Create | Archer |
| 28:09 | Create | Archer |
| 28:50 | Create | Knight |
| 29:12 | Create | Villager (Male) |
| 29:13 | Create | Villager (Male) |
| 29:18 | Build | Farm |
| 29:19 | Build | Farm |
| 29:24 | Create | Archer |
| 29:24 | Create | Archer |
| 30:04 | Build | Farm |
| 30:05 | Create | Villager (Male) |
| 30:05 | Create | Villager (Male) |
| 30:06 | Create | Villager (Male) |
| 30:23 | Create | Knight |
| 30:24 | Create | Knight |
| 30:44 | Build | Castle |
| 30:54 | Create | Villager (Male) |
| 30:55 | Create | Villager (Male) |
| 31:56 | Build | Palisade Wall |
| 32:08 | Create | Mangonel |
| 32:38 | Build | University |
| 32:51 | Build | Farm |
| 32:58 | Build | Mill |
| 32:59 | Build | Farm |
| 33:13 | Create | Longbowman |
| 33:13 | Create | Longbowman |
| 33:13 | Create | Longbowman |
| 33:14 | Create | Longbowman |
| 33:41 | Research | Bow Saw |
| 34:10 | Research | Pikeman (upgrade) |
| 34:10 | Create | Spearman |
| 34:10 | Create | Spearman |
| 34:11 | Create | Spearman |
| 34:57 | Create | Spearman |
| 35:01 | Create | Longbowman |
Build order — Sipdro98
First 150 of 289 actions detected
| 0:02 | Build | House |
| 0:03 | Build | House |
| 0:11 | Create | Villager (Male) |
| 0:11 | Create | Villager (Male) |
| 0:12 | Create | Villager (Male) |
| 0:12 | Create | Villager (Male) |
| 0:12 | Create | Villager (Male) |
| 0:12 | Create | Villager (Male) |
| 1:35 | Create | Villager (Male) |
| 1:35 | Create | Villager (Male) |
| 2:16 | Build | Lumber Camp |
| 2:29 | Build | Lumber Camp |
| 2:37 | Create | Villager (Male) |
| 2:37 | Create | Villager (Male) |
| 2:37 | Create | Villager (Male) |
| 3:08 | Create | Villager (Male) |
| 3:08 | Create | Villager (Male) |
| 3:40 | Create | Villager (Male) |
| 3:40 | Create | Villager (Male) |
| 3:43 | Build | House |
| 4:03 | Create | Villager (Male) |
| 4:03 | Create | Villager (Male) |
| 4:31 | Build | Mill |
| 4:57 | Create | Villager (Male) |
| 4:58 | Create | Villager (Male) |
| 5:22 | Create | Villager (Male) |
| 5:37 | Create | Villager (Male) |
| 5:50 | Create | Villager (Male) |
| 6:17 | Build | Mill |
| 6:37 | Create | Villager (Male) |
| 6:39 | Research | Loom |
| 8:26 | Research | Feudal Age |
| 8:27 | Research | Feudal Age |
| 8:45 | Build | House |
| 9:08 | Create | Villager (Male) |
| 9:08 | Create | Villager (Male) |
| 9:16 | Build | Farm |
| 9:31 | Build | House |
| 9:32 | Build | Palisade Wall |
| 9:43 | Create | Villager (Male) |
| 9:54 | Create | Villager (Male) |
| 10:12 | Build | Palisade Wall |
| 10:22 | Build | Farm |
| 10:25 | Build | Farm |
| 10:34 | Build | Farm |
| 10:36 | Age | Feudal Age |
| 10:54 | Build | Barracks |
| 11:02 | Create | Villager (Male) |
| 11:35 | Build | Farm |
| 12:01 | Create | Villager (Male) |
| 12:14 | Build | Stable |
| 12:16 | Build | Palisade Wall |
| 12:24 | Create | Villager (Male) |
| 12:35 | Create | Villager (Male) |
| 12:43 | Create | Villager (Male) |
| 12:47 | Build | Farm |
| 12:58 | Create | Villager (Male) |
| 13:01 | Create | Scout Cavalry |
| 13:02 | Create | Scout Cavalry |
| 13:02 | Create | Scout Cavalry |
| 13:12 | Build | Farm |
| 13:13 | Build | Farm |
| 13:13 | Build | Farm |
| 13:18 | Build | Farm |
| 13:32 | Create | Villager (Male) |
| 13:34 | Build | House |
| 13:35 | Build | Palisade Wall |
| 13:44 | Create | Scout Cavalry |
| 13:51 | Build | Farm |
| 13:57 | Create | Spearman |
| 13:57 | Create | Spearman |
| 14:18 | Build | House |
| 14:19 | Build | House |
| 14:20 | Build | House |
| 15:15 | Build | Farm |
| 15:28 | Build | Farm |
| 15:30 | Create | Villager (Male) |
| 15:31 | Create | Villager (Male) |
| 15:56 | Build | Mining Camp |
| 16:00 | Build | House |
| 16:03 | Create | Villager (Male) |
| 16:03 | Create | Villager (Male) |
| 16:22 | Create | Villager (Male) |
| 16:22 | Create | Villager (Male) |
| 16:24 | Build | House |
| 16:25 | Build | House |
| 16:50 | Build | Farm |
| 17:18 | Build | Farm |
| 17:58 | Build | Farm |
| 18:04 | Create | Villager (Male) |
| 18:08 | Create | Villager (Male) |
| 19:00 | Build | Farm |
| 19:00 | Build | Farm |
| 19:02 | Build | Farm |
| 19:06 | Build | Farm |
| 19:17 | Build | Lumber Camp |
| 19:27 | Create | Villager (Male) |
| 19:27 | Create | Villager (Male) |
| 19:37 | Build | Farm |
| 19:37 | Build | Farm |
| 19:50 | Research | Double-Bit Axe |
| 19:51 | Research | Double-Bit Axe |
| 19:57 | Build | Palisade Wall |
| 20:00 | Build | Palisade Wall |
| 20:06 | Build | Palisade Wall |
| 20:08 | Create | Villager (Male) |
| 20:52 | Build | Blacksmith |
| 21:01 | Create | Villager (Male) |
| 21:14 | Build | Farm |
| 21:14 | Build | Farm |
| 21:16 | Build | Farm |
| 22:06 | Build | Market |
| 22:17 | Research | Castle Age |
| 22:17 | Research | Castle Age |
| 22:42 | Build | Archery Range |
| 22:44 | Build | Palisade Wall |
| 23:02 | Build | Palisade Gate |
| 23:13 | Build | Palisade Wall |
| 23:18 | Build | House |
| 23:20 | Build | Palisade Wall |
| 23:22 | Create | Villager (Male) |
| 23:22 | Create | Villager (Male) |
| 23:35 | Research | Padded Archer Armor |
| 23:39 | Create | Skirmisher |
| 23:39 | Create | Skirmisher |
| 23:39 | Create | Skirmisher |
| 23:39 | Create | Skirmisher |
| 23:51 | Create | Villager (Male) |
| 23:54 | Build | Farm |
| 24:28 | Build | House |
| 24:28 | Build | Palisade Wall |
| 24:31 | Build | House |
| 24:57 | Age | Castle Age |
| 25:06 | Create | Villager (Male) |
| 25:13 | Build | Stable |
| 25:22 | Build | House |
| 25:31 | Build | Farm |
| 25:40 | Create | Knight |
| 25:41 | Create | Knight |
| 25:55 | Build | House |
| 25:56 | Build | Palisade Wall |
| 26:05 | Build | House |
| 26:06 | Build | Palisade Wall |
| 26:25 | Build | Farm |
| 26:58 | Build | Farm |
| 27:03 | Build | House |
| 27:10 | Build | Farm |
| 27:12 | Build | Farm |
| 27:20 | Create | Knight |
| 27:20 | Create | Knight |
Match timeline
| 5:36 | AABYBRUNO · wall_segment Palisade Wall x4 |
| 5:41 | AABYBRUNO · wall_segment Palisade Wall x3 |
| 5:45 | AABYBRUNO · wall_segment Palisade Wall x12 |
| 5:50 | AABYBRUNO · wall_segment Palisade Wall x3 |
| 5:51 | AABYBRUNO · wall_segment Palisade Wall x1 |
| 6:04 | AABYBRUNO · wall_segment Palisade Wall x14 |
| 6:51 | Facola · first_building Barracks |
| 7:18 | AABYBRUNO · wall_segment Palisade Wall x5 |
| 7:26 | AABYBRUNO · wall_segment Palisade Wall x23 |
| 8:33 | lautygonzalez89 · first_building Barracks |
| 9:22 | lautygonzalez89 · wall_segment Palisade Wall x7 |
| 9:32 | Sipdro98 · wall_segment Palisade Wall x1 |
| 9:36 | AABYBRUNO · first_building Barracks |
| 9:44 | Facola · age_up feudal |
| 9:45 | lautygonzalez89 · age_up feudal |
| 9:51 | lautygonzalez89 · first_building Stable |
| 9:53 | Facola · first_building Archery Range |
| 10:12 | Sipdro98 · wall_segment Palisade Wall x4 |
| 10:36 | Sipdro98 · age_up feudal |
| 10:54 | Sipdro98 · first_building Barracks |
| 11:07 | lautygonzalez89 · wall_segment Palisade Wall x7 |
| 11:09 | AABYBRUNO · wall_segment Palisade Wall x3 |
| 11:43 | lautygonzalez89 · wall_segment Palisade Wall x3 |
| 12:14 | Sipdro98 · first_building Stable |
| 12:16 | Sipdro98 · wall_segment Palisade Wall x1 |
| 12:22 | AABYBRUNO · first_building Archery Range |
| 13:35 | Sipdro98 · wall_segment Palisade Wall x3 |
| 15:33 | lautygonzalez89 · wall_segment Palisade Wall x7 |
| 15:58 | lautygonzalez89 · wall_segment Palisade Wall x6 |
| 16:42 | lautygonzalez89 · wall_segment Palisade Wall x4 |
| 17:00 | AABYBRUNO · wall_segment Stone Wall x5 |
| 17:02 | AABYBRUNO · wall_segment Stone Wall x2 |
| 19:32 | AABYBRUNO · first_market_sell 100 wood |
| 19:51 | AABYBRUNO · first_market_buy 100 food |
| 19:57 | Sipdro98 · wall_segment Palisade Wall x3 |
| 20:00 | Sipdro98 · wall_segment Palisade Wall x12 |
| 20:06 | Sipdro98 · wall_segment Palisade Wall x6 |
| 20:53 | AABYBRUNO · first_building Stable |
| 21:05 | Facola · wall_segment Palisade Wall x14 |
| 22:05 | lautygonzalez89 · age_up castle |
| 22:09 | Facola · wall_segment Palisade Wall x1 |
| 22:42 | Sipdro98 · first_building Archery Range |
| 22:44 | Sipdro98 · wall_segment Palisade Wall x1 |
| 23:05 | AABYBRUNO · first_building Monastery |
| 23:13 | Sipdro98 · wall_segment Palisade Wall x1 |
| 23:19 | Facola · age_up castle |
| 23:20 | Sipdro98 · wall_segment Palisade Wall x9 |
| 24:13 | Facola · first_market_sell 100 wood |
| 24:28 | Sipdro98 · wall_segment Palisade Wall x1 |
| 24:57 | Sipdro98 · age_up castle |
| 25:29 | AABYBRUNO · first_building Siege Workshop |
| 25:56 | Sipdro98 · wall_segment Palisade Wall x1 |
| 26:06 | Sipdro98 · wall_segment Palisade Wall x1 |
| 27:46 | lautygonzalez89 · first_market_sell 100 wood |
| 28:03 | Sipdro98 · first_market_sell 100 food |
| 29:56 | lautygonzalez89 · wall_segment Palisade Wall x1 |
| 30:44 | AABYBRUNO · first_building Castle |
| 31:56 | AABYBRUNO · wall_segment Palisade Wall x1 |
| 34:10 | Facola · first_building Siege Workshop |
| 35:30 | Facola · first_building Castle |
| 35:48 | lautygonzalez89 · first_building Castle |
| 38:06 | Sipdro98 · first_building Castle |
| 38:24 | Sipdro98 · first_market_buy 100 food |
| 38:28 | AABYBRUNO · wall_segment Stone Wall x24 |
| 40:27 | Facola · age_up imperial |
| 42:23 | Facola · tribute_sent a jugador 1 |
| 42:23 | Facola · tribute_sent a jugador 3 |
| 42:23 | Facola · tribute_sent a jugador 4 |
| 43:41 | lautygonzalez89 · first_building Siege Workshop |
| 44:18 | AABYBRUNO · resign |
[ AI ANALYSIS · 1 CREDIT ]
What really happened in this match?
Wolo.gg analyzes every decision: build order, eco, micro, common mistakes by bracket. Personalized analysis on WhatsApp or Discord in 30 seconds.
Civ guide
Spanish
Perfil
Jugador #3024318